AoeStats
← Tomate

Arena

510108591Analyzed
2v2 RM · 4d ago on Sep 29, 2026· 45m 44s· 4 players
Game mode
Random Map
Map size
Medium (4 player)
Population
200
Speed
Normal
Resources
Standard
Victory
Conquest
Starting age
Dark Age
Ending age
Imperial Age
RankedLock teamsTeams togetherTeam positionsShared explorationLock speedFull tech treeHidden civsTurbo modeCheats
Victory
Defeat
🇨🇱 Portuguese · Chile
980
+13
🇨🇱 Magyars · Chile
979
+13
🇻🇳 Spanish · Vietnam
914
-35
🇻🇳 Cumans · Vietnam
914
-35
Potato Wiš'adel
1:25 Loom
11:43 Feudal Age
18:10 Double-Bit Axe
19:36 Padded Archer Armor
Lemme break it down
10:49 Feudal Age
15:46 Castle Age
15:04 Stone Mining
15:27 Forging
15:06 Double-Bit Axe
16:37 Scale Barding Armor
16:58 Loom
17:52 Wheelbarrow
19:24 Fletching
21:05 Husbandry
26:56 Hand Cart
28:10 Bloodlines
31:38 Forging
31:15 Horse Collar
32:36 Town Watch
33:02 Heavy Plow
34:21 Chain Barding Armor
36:48 Iron Casting
36:11 Bodkin Arrow
42:58 Imperial Age
40:43 Bow Saw
41:30 Padded Archer Armor
42:26 Town Patrol
43:18 Cavalier
44:34 Plate Barding Armor
45:02 Blast Furnace
44:28 Ballistics
44:28 Bracer
nnickk0
9:56 Feudal Age
9:06 Loom
13:50 Castle Age
12:04 Double-Bit Axe
12:42 Horse Collar
15:52 Bow Saw
16:55 Fervor
19:32 Heavy Plow
22:08 Wheelbarrow
21:23 Elite Skirmisher
23:00 Thumb Ring
28:08 Fletching
28:19 Padded Archer Armor
34:07 Imperial Age
36:01 Chemistry
38:16 Wheelbarrow
38:23 Wheelbarrow
37:47 Pikeman
38:13 Gambesons
38:28 Bodkin Arrow
38:48 Leather Archer Armor
38:35 Scale Mail Armor
39:20 Hand Cart
39:25 Forging
40:11 Halberdier
42:38 Iron Casting
42:18 Chain Mail Armor
42:43 Gold Mining
44:13 Two-Man Saw
43:49 Crop Rotation
45:05 Blast Furnace
44:20 Chain Mail Armor
Tomate
8:42 Feudal Age
10:58 Bloodlines
11:43 Double-Bit Axe
11:50 Town Watch
12:54 Horse Collar
15:51 Loom
16:47 Wheelbarrow
22:54 Castle Age
21:43 Gold Mining
22:52 Scale Barding Armor
24:25 Husbandry
24:16 Light Cavalry
25:24 Chain Barding Armor
28:56 Hand Cart
31:46 Bow Saw
32:11 Elite Skirmisher
34:53 Fletching
37:47 Stone Mining
38:34 Gold Shaft Mining
38:01 Heavy Plow
39:04 Murder Holes
38:50 Treadmill Crane
43:13 Ballistics
43:25 Pikeman
44:15 Arson
44:58 Scale Mail Armor
Connection lost

Rejoining the realm…

Still unreachable

The connection could not be restored.

Session expired

The server has moved on; the page needs a fresh start.